 Dungeon Crawl Stone Soup version 0.31-a0-705-ga145531891 (webtiles) character file.

Game seed: 6490768689495029923

1724 dialectric the Protected (level 8, 0/65 (70) HPs)
             Began as a Minotaur Fighter on Sept 9, 2023.
             Was a Follower of Qazlal.
             Slain by a wight
             ... wielding a +5 short sword of freezing
              (1 damage)
             ... on level 6 of the Dungeon.
             The game lasted 00:05:23 (5869 turns).

dialectric the Protected (Minotaur Fighter)         Turns: 5869, Time: 00:05:24

HP:   0/65 (70)     AC:  8    Str: 22      XL:     8   Next: 75%
MP:   7/7           EV: 11    Int:  3 (5)  God:    Qazlal [*.....]
Gold: 606           SH:  1    Dex: 10 (11) Spells: 7/7 levels left

rFire   . . .        a - +0 war axe
rCold   . . .        (no shield)
rNeg    . . .        b - +0 scale mail
rPois   .            (helmet restricted)
rElec   .            (no cloak)
rCorr   .            (no gloves)
SInv    .            (no boots)
Will    .....        (no amulet) Stlth
                     (no ring)
HPRegen 0.30/turn    (no ring)
MPRegen 0.10/turn

%: no passive effects
@: drained
A: horns 2, retaliatory headbutt
a: Renounce Religion


You were on level 6 of the Dungeon.
You worshipped Qazlal.
Qazlal was aware of your devotion.
You visited 2 branches of the dungeon, and saw 8 of its levels.
You also visited: Ossuary.

You collected 606 gold pieces.

Inventory:

Hand Weapons
 a - a +0 war axe (weapon)
Missiles
 r - 11 poisoned darts (quivered)
Armour
 b - a +0 scale mail (worn)
 c - a +0 buckler
 d - a +0 plate armour
 w - a +0 buckler
Jewellery
 l - a ring of protection from fire
 s - a ring of ice
 t - a ring of willpower
 y - a ring of positive energy
Talismans
 q - a flux talisman
Wands
 A - a wand of paralysis (4)
 E - a wand of roots (7)
Scrolls
 f - 3 scrolls of noise {unknown}
 g - 2 scrolls of teleportation
 h - 2 scrolls of fear {unknown}
 i - 2 scrolls of brand weapon {unknown}
 j - 3 scrolls of enchant armour {unknown}
 m - 2 scrolls of blinking {unknown}
 n - a scroll of enchant weapon {unknown}
 o - a scroll of immolation {unknown}
 p - a scroll of poison {unknown}
 u - 5 scrolls of identify {unknown}
 x - 2 scrolls of fog {unknown}
 B - a scroll of vulnerability {unknown}
 I - a scroll of amnesia {unknown}
 K - a scroll of revelation {unknown}
Potions
 e - 3 potions of ambrosia {unknown}
 k - a potion of enlightenment
 v - 3 potions of haste {unknown}
 z - a potion of brilliance {unknown}
 C - 3 potions of curing
 D - a potion of mutation {unknown}
 F - a potion of magic {unknown}
 G - a potion of lignification {unknown}
 H - a potion of invisibility {unknown}
 J - a potion of might


   Skills:
 + Level 6.1 Fighting
 + Level 8.9 Axes
 * Level 9.1 Armour
 + Level 2.8 Dodging
 - Level 4.0 Shields


You had 7 spell levels left.
You didn't know any spells.
Your spell library contained the following spells:

 Spells                   Type           Power      Damage    Failure   Level
 Apportation              Tloc           0%         N/A       80%         1
 Freeze                   Ice            0%         1d3       80%         1
 Necrotise                Necr           0%         1d4       80%         1
 Summon Small Mammal      Summ           0%         N/A       80%         1
 Call Canine Familiar     Summ           0%         N/A       99%         3
 Frozen Ramparts          Ice            0%         1d1       99%         3
 Hailstorm                Conj/Ice       0%         3d3       99%         3
 Summon Guardian Golem    Hex/Summ       0%         N/A       99%         3


Dungeon Overview and Level Annotations

Branches:
Dungeon (7/15)             Temple (1/1) D:6         Ossuary (visited)

Altars:
Ashenzari
Cheibriados
Dithmenos
Fedhas
Gozag
Hepliaklqana
Kikubaaqudgha
Makhleb
Nemelex Xobeh
Okawaru
Qazlal
Ru
Sif Muna
Uskayaw
Wu Jian
Xom
Yredelemnul
Zin
The Shining One


Innate Abilities, Weirdness & Mutations

You have a pair of horns on your head.
You reflexively headbutt those who attack you in melee.


Message History

You slash the ogre! You headbutt the ogre.
The ogre is almost dead.
The ogre barely misses you. You furiously retaliate!
You headbutt the ogre!
You kill the ogre!
Qazlal accepts your kill.
You are now surrounded by a storm.
You feel your dexterity returning.
No target in view!
No target in view!
No target in view!
No target in view!
No target in view!
A wight comes into view.
It is wielding a +0 dagger. 2 wights come into view.
A wight comes into view.
It is wielding a +5 short sword of freezing.
There is a stone staircase leading down here.
There is a stone staircase leading up here.
The wight hits you from afar with a +3 halberd!
The wight hits you with a +5 short sword of freezing.
You feel drained. The wight freezes you.
The wight hits you from afar with a +3 halberd!
You feel drained. The wight closely misses you.
You climb upwards.
The orc closely misses you. The orc barely misses you. You furiously retaliate!
You headbutt the orc.
The ogre hits you with a +0 giant spiked club!!
The orc hits you but does no damage. x2
There is a stone staircase leading down, spattered with blood here.
You are too injured to fight recklessly!
Unknown command.
The wight hits you with a +5 short sword of freezing.
* * * LOW HITPOINT WARNING * * *
You feel drained.
* * * LOW HITPOINT WARNING * * *
The wight freezes you.
* * * LOW HITPOINT WARNING * * *
The wight hits you with a +0 dagger.
* * * LOW HITPOINT WARNING * * *
The orc hits you but does no damage. The sleepcap releases spores at you.
* * * LOW HITPOINT WARNING * * *
The wight hits you with a +5 short sword of freezing.
You die...

#.......
##########....... #.
#................
#.#####..........#.....
#.#..............#.#.##
#.#..............#.#.##
#.#..######......#.#.##
#.#..............#.#...
#.##zz@#########.#.#...
#...O§o....... ###.#...
#.#####o.f....#..
..#..) #.......o.....+
..+... #######...o...#
#... #.......#.# #<..
###........ ####
#........ #........


You could see an ogre, a sleepcap, 2 wights, 2 orc priests and 2 orcs.

Vanquished Creatures
  An ice beast (D:5)
  A sky beast (D:4)
  An orc warrior (D:2)
  4 black bears
  2 ogres
  A phantom (D:5)
  A bullfrog (D:7)
  2 scorpions
  3 hounds
  An orc priest (D:3)
  4 quasits
  A gnoll bouda (D:5)
  Jessica (D:2)
  A sleepcap (D:4)
  2 orc wizards
  8 mummies (Ossuary)
  3 gnolls
  5 adders
  A shadow imp (D:5)
  6 white imps
  An ufetubus (D:5)
  A dart slug (D:1)
  9 orcs
  10 ball pythons
  4 endoplasms
  A giant cockroach (D:4)
  10 goblins
  2 hobgoblins
  11 jackals
  3 kobolds
  2 quokkas (D:2)
  5 frilled lizards
  A gnoll zombie (Ossuary)
  4 hobgoblin zombies (Ossuary)
  A kobold zombie (Ossuary)
  2 orc zombies (Ossuary)
  4 rats
120 creatures vanquished.

Notes
Turn   | Place    | Note
-------+----------+-------------------------------------------
     0 | D:1      | dialectric the Minotaur Fighter began the quest for the
                  | Orb.
     0 | D:1      | Reached XP level 1. HP: 19/19 MP: 0/0
   328 | D:1      | Reached XP level 2. HP: 27/27 MP: 1/1
   463 | D:1      | Reached skill level 4 in Armour
  1049 | D:2      | Noticed Jessica
  1057 | D:2      | Killed Jessica
  1058 | D:2      | Reached XP level 3. HP: 14/33 MP: 2/2
  1376 | D:2      | Reached XP level 4. HP: 39/40 MP: 3/3
  1397 | D:2      | Found a glowing silver altar of Zin.
  1440 | D:3      | Reached skill level 1 in Dodging
  1629 | D:3      | Found a hazy altar of Hepliaklqana.
  1968 | D:3      | Found a blossoming altar of Fedhas.
  2152 | D:4      | Noticed an orc warrior
  2160 | D:3      | Reached XP level 5. HP: 27/47 MP: 4/4
  2172 | D:2      | HP: 1/47 [orc warrior/+0 scimitar (3)]
  2173 | D:2      | Killed an orc warrior
  2174 | D:2      | Reached skill level 5 in Axes
  2357 | D:4      | Reached XP level 6. HP: 55/55 MP: 5/5
  2497 | D:4      | Noticed a sky beast
  2513 | D:4      | Killed a sky beast
  2514 | D:4      | Reached skill level 5 in Armour
  2610 | D:4      | Reached skill level 5 in Fighting
  2623 | D:4      | Found a burning altar of Makhleb.
  3374 | D:5      | Entered Level 5 of the Dungeon
  3400 | D:5      | Reached skill level 6 in Armour
  3400 | D:5      | Reached XP level 7. HP: 58/61 MP: 6/6
  3809 | D:6      | Reached skill level 7 in Armour
  3915 | D:5      | Reached XP level 8. HP: 13/69 MP: 7/7
  3918 | D:5      | HP: 2/69 [white imp (2)]
  4363 | D:5      | Reached skill level 8 in Armour
  4986 | D:6      | Found a staircase to the Ecumenical Temple.
  4997 | Temple   | Entered the Ecumenical Temple
  5016 | Temple   | Became a worshipper of Qazlal Stormbringer
  5315 | D:7      | Found a sand-covered staircase.
  5324 | Ossuary  | Entered an ossuary
  5770 | D:7      | Reached skill level 9 in Armour
  5852 | D:7      | Reached * piety under Qazlal
  5868 | D:6      | HP: 1/65 [sleepcap (6)]
  5869 | D:6      | Slain by a wight

Illustrated notes

Levels and vault maps discovered:
D:1:      dpeg_arrival_rooms_a, layout_basic, hex_intersection, minivault_25,
          serial_bayou_ford_a
D:2:      layout_basic, basic_altar, uniq_jessica
D:3:      layout_basic, fedhas_altar_3, mainiacjoe_overflow_paths, minmay_cupped
D:4:      layout_basic, mainiacjoe_overflow_six_doors_small, grunt_ministairs_12
D:5:      layout_loops_cross, serial_demonic, serial_demonic_a,
          serial_demonic_c, serial_demonic_a, serial_demonic_e, st_stairs_10,
          minmay_holes, minivault_26, kennysheep_pointless_box
D:6:      layout_basic, minmay_temple_entry_offerings
D:7:      layout_loops_cross, lightli_ossuary_entry_decrepit_ruins,
          minivault_19, grunt_decor_arrowhead
Temple:   nicolae_temple_superstar

Skill      XL: |  1  2  3  4  5  6  7  8 |
---------------+-------------------------+-----
Armour         | 4 6 7 9 |  9.1
Fighting       | 4 5 6 |  6.1
Axes           | 3 4 5 6 7 8 |  8.9
Dodging        | 1 2 |  2.8
Shields        | 4 |  4.0

Action                     |  1- 3 |  4- 6 |  7- 9 || total
---------------------------+-------+-------+-------++-------
  Melee: War axe           |    67 |    82 |   142 ||   291
         Headbutt          |     6 |     8 |    25 ||    39
         Punch             |     1 |       |     2 ||     3
    Use: Potion            |       |     3 |     4 ||     7
         Scroll            |       |       |     1 ||     1
 Armour: Scale mail        |    46 |    66 |   212 ||   324
  Dodge: Dodged            |    38 |    44 |   144 ||   226

Table legend: (Time is in decaauts)
 A = Elapsed time spent in this place.
 B = Non-inter-level travel time spent in this place.
 C = Inter-level travel time spent in this place.
 D = Time resting spent in this place.
 E = Time spent auto-exploring this place.
 F = Levels seen in this place.
 G = Mean time per level.
                   A        B        C        D        E       F      G
               +--------+--------+--------+--------+--------+-----+--------+
         Total |   5945 |   5767 |    178 |    670 |   4146 |   9 |  660.6 |
       Dungeon |   5514 |   5348 |    166 |    525 |   3971 |   7 |  787.7 |
        Temple |     32 |     20 |     12 |      0 |      0 |   1 |   32.0 |
       Ossuary |    397 |    397 |      0 |    145 |    175 |   1 |  397.0 |
               +--------+--------+--------+--------+--------+-----+--------+

Top non-repeatable levels by time:
     D:4: 1232 daAuts
     D:5: 1154 daAuts
     D:1: 953 daAuts
     D:3: 740 daAuts
     D:2: 697 daAuts
 Ossuary: 397 daAuts
     D:7: 377 daAuts
     D:6: 358 daAuts
  Temple: 32 daAuts
